[ AOE2 MATCH · #506199369 ]
UnrankedBurgundians vs Persians
Rival team · WIN
[ REPLAY ANALYSIS · EXTRACTED FROM THE RECORDED GAME ]
Feudal
—
Castle
—
Imperial
—
| APM avg | 61.2 |
| APM peak | 107 |
| eAPM avg | 33.5 |
| Villagers / military | 23 / 0 |
Focus
⚔️ 26.9% · 🌾 73.1%
Feudal
—
Castle
—
Imperial
—
| APM avg | 67.1 |
| APM peak | 111 |
| eAPM avg | 26.0 |
| Villagers / military | 22 / 4 |
Focus
⚔️ 34.5% · 🌾 65.5%
Militia ×4
Match map
Initial resources + every placement click. Lines = walls · curves = elevation contours. ◆ gold · ⬟ stone · ● berries · ✦ relic · ◌ wall gap
Your base
Hannibal's base
Smoothed initial terrain · ◌ = detected wall gap · hover for details
Inputs per minute
— Dobbs351 - - Hannibal
Build order — Dobbs351
35 actions detected in the replay
| 0:00 | Create | Villager (Male) |
| 0:00 | Create | Villager (Male) |
| 0:02 | Build | House |
| 0:03 | Build | House |
| 0:07 | Create | Villager (Male) |
| 0:07 | Create | Villager (Male) |
| 1:29 | Create | Villager (Male) |
| 1:44 | Build | Lumber Camp |
| 1:58 | Create | Villager (Male) |
| 1:58 | Create | Villager (Male) |
| 1:59 | Create | Villager (Male) |
| 2:17 | Create | Villager (Male) |
| 2:17 | Create | Villager (Male) |
| 2:27 | Research | Double-Bit Axe |
| 2:30 | Create | Villager (Male) |
| 2:55 | Create | Villager (Male) |
| 3:20 | Create | Villager (Male) |
| 3:44 | Create | Villager (Male) |
| 3:49 | Build | House |
| 4:05 | Create | Villager (Male) |
| 4:18 | Build | House |
| 4:34 | Build | Palisade Gate |
| 4:43 | Create | Villager (Male) |
| 4:53 | Create | Villager (Male) |
| 5:21 | Create | Villager (Male) |
| 5:31 | Create | Villager (Male) |
| 5:51 | Create | Villager (Male) |
| 6:00 | Create | Villager (Male) |
| 6:04 | Build | Lumber Camp |
| 7:10 | Create | Villager (Male) |
| 7:16 | Research | Loom |
| 7:21 | Build | Mill |
| 7:27 | Build | Mill |
| 7:29 | Build | Mill |
| 7:41 | Create | Villager (Male) |
Build order — Hannibal
37 actions detected in the replay
| 0:00 | Create | Villager (Male) |
| 0:01 | Create | Villager (Male) |
| 0:02 | Build | House |
| 0:06 | Create | Villager (Male) |
| 0:08 | Create | Villager (Male) |
| 0:10 | Create | Villager (Male) |
| 1:15 | Build | Barracks |
| 1:19 | Build | House |
| 1:25 | Create | Villager (Male) |
| 1:48 | Create | Villager (Male) |
| 1:56 | Build | House |
| 2:20 | Create | Villager (Male) |
| 2:41 | Create | Militia |
| 2:58 | Create | Militia |
| 3:09 | Create | Militia |
| 3:14 | Create | Villager (Male) |
| 3:26 | Create | Militia |
| 3:41 | Create | Villager (Male) |
| 4:03 | Create | Villager (Male) |
| 4:12 | Build | House |
| 4:25 | Create | Villager (Male) |
| 4:25 | Create | Villager (Male) |
| 4:49 | Create | Villager (Male) |
| 5:20 | Create | Villager (Male) |
| 5:24 | Create | Villager (Male) |
| 5:51 | Build | Lumber Camp |
| 6:00 | Create | Villager (Male) |
| 6:00 | Create | Villager (Male) |
| 6:24 | Build | Mill |
| 6:27 | Build | House |
| 6:31 | Create | Villager (Male) |
| 6:37 | Create | Villager (Male) |
| 6:59 | Build | House |
| 7:03 | Build | Palisade Wall |
| 7:19 | Create | Villager (Male) |
| 7:29 | Build | Mill |
| 7:33 | Create | Villager (Male) |
Match timeline
| 1:15 | Hannibal · first_building Barracks |
| 7:03 | Hannibal · wall_segment Palisade Wall x5 |
| 7:50 | Dobbs351 · resign |
[ AI ANALYSIS · 1 CREDIT ]
What really happened in this match?
Wolo.gg analyzes every decision: build order, eco, micro, common mistakes by bracket. Personalized analysis on WhatsApp or Discord in 30 seconds.
Civ guide
Burgundians
Perfil
Jugador #246423